 Dungeon Crawl Stone Soup version 0.16.0-17-g811c1d7 (console) character file.

138071 gw the Bludgeoner (level 16, -16/154 HPs)
             Began as a Deep Dwarf Gladiator on Mar 21, 2015.
             Was the Champion of Zin.
             Demolished by a shambling mangrove (21 damage)
             ... on level 2 of the Swamp.
             The game lasted 00:55:23 (28910 turns).

gw the Bludgeoner (Deep Dwarf Gladiator)           Turns: 28910, Time: 00:55:23

Health: -16/154    AC: 27    Str: 18    XL:     16   Next: 70%
Magic:  0/0        EV: 11    Int: 12    God:    Zin [******]
Gold:   86         SH:  0    Dex: 18    Spells: 0 memorised, 15 levels left

rFire  + . .     SeeInvis .     a - +3 great mace (holy)
rCold  + . .     Clarity  .     w - +1 plate armour {rF+}
rNeg   + . .     SustAb   .     (no shield)
rPois  .         Gourm    .     c - +0 helmet
rElec  +         Spirit   .     I - +2 cloak
rCorr  .         Warding  .     u - +1 pair of gloves
rMut   +         Stasis   .     q - +0 pair of boots
MR     ++...                    s - amulet of resist mutation
Stlth  ..........               h - ring of protection from cold
                                x - ring of Shaolin {EV+8}

@: grasped by roots, non-regenerating, very slow, very resistant to hostile
enchantments, extremely unstealthy
A: damage resistance, recharge devices, negative energy resistance 1, sense
surroundings 2, electricity resistance, slow healing 3
a: Device Recharging, Recite, Vitalisation, Imprison, Sanctuary, Cure All
Mutations, Renounce Religion


You were on level 2 of the Swamp.
You worshipped Zin.
Zin was exalted by your worship.
You were hungry.

You visited 5 branches of the dungeon, and saw 30 of its levels.
You also visited: Ice Cave.

You collected 3746 gold pieces.
You donated 3660 gold pieces to Zin.

Inventory:

Hand weapons
 a - a +3 great mace of holy wrath (weapon)
 A - the +15 heavy crossbow "Sniper" {velocity, SInv}
   (You acquired it on level 5 of the Lair of Beasts)

   Any bolt fired from it inflicts extra damage.
   It enhances your eyesight.
Missiles
 d - 9 throwing nets
 m - 6 bolts
Armour
 c - a +0 helmet (worn)
 q - a +0 pair of boots (worn)
 u - a +1 pair of gloves (worn)
 w - a +1 plate armour of fire resistance (worn)
 I - a +2 cloak (worn)
Jewellery
 h - a ring of protection from cold (right hand)
 s - an amulet of resist mutation (around neck)
 x - the ring of Shaolin (left hand) {EV+8}
   (You found it on level 1 of the Lair of Beasts)

   [ring of evasion]

   It affects your evasion (+8).
Magical devices
 e - a wand of heal wounds (0)
 p - a wand of flame (30)
 v - a wand of polymorph (6) {forbidden}
 y - a wand of heal wounds (0)
 z - a wand of enslavement (0)
 C - a wand of heal wounds (0)
 D - a wand of random effects (20) {forbidden}
 H - a wand of digging (10)
Scrolls
 k - 2 scrolls of summoning
 o - 7 scrolls of remove curse
 r - 17 scrolls of identify
 G - a scroll of teleportation
Potions
 b - 7 potions of curing
 g - a potion of magic
 B - 3 potions of restore abilities
 F - 2 potions of ambrosia
Comestibles
 f - 23 bread rations
 i - 16 meat rations
 j - 9 beef jerkies
 l - 54 fruits
 n - 6 slices of pizza
 t - a royal jelly


   Skills:
 + Level 12.4 Fighting
 * Level 18.5 Maces & Flails
 + Level 6.9 Crossbows
 - Level 1.7 Throwing
 + Level 14.3 Armour
 - Level 3.2 Dodging
 - Level 16.0 Invocations
 + Level 3.0 Evocations


You had 15 spell levels left.
You didn't know any spells.

Dungeon Overview and Level Annotations

Branches:
Dungeon (15/15)            Temple (1/1) D:6            Lair (8/8) D:10
  Swamp (2/5) Lair:3        Snake (0/5) Lair:5        Slime (0/6) Lair:7
    Orc (4/4) D:9             Elf (0/3) Orc:4        Vaults (0/5) D:13
 Depths (0/5) D:15

Altars:
Ashenzari
Cheibriados
Dithmenos
Elyvilon
Fedhas
Gozag
Kikubaaqudgha
Makhleb
Nemelex Xobeh
Okawaru
Qazlal
Ru
Sif Muna
Trog
Vehumet
Xom
Yredelemnul
Zin
The Shining One
Beogh
Jiyva

Shops:
D:5 [?(   D:6 ?   D:9 *   Orc:1 }   Orc:4 [%}*

Portals:
Trove: D:11 (give horn of Geryon)

Annotations:
D:8 exclusion: downstairs
D:9 mrpyro's ghost, powerful OpTm
D:10 exclusion: downstairs
Lair:5 exclusion: 2 downstairs
Lair:7 exclusion: downstairs


Innate Abilities, Weirdness & Mutations

You are resistant to damage.
You can recharge devices by infusing magical energy.
You resist negative energy.
You passively map the area around you.
You do not heal naturally.
You are resistant to electric shocks.


Message History

ATTACKING (0,-1)
Your unstable footing causes you to fumble your attack.
The giant leech misses you.
Unknown command.
Unknown command.
Unknown command.
Unknown command.
ATTACKING (0,-1)
You hit the shambling mangrove but do no damage.
The shambling mangrove is heavily damaged.
The giant leech bites you but does no damage.
Unknown command.
Unknown command.
Unknown command.
Unknown command.
ATTACKING (0,-1)
You hit the shambling mangrove but do no damage.
The shambling mangrove is heavily damaged.
The shambling mangrove hits you!!
You die...

7.~..~77 7~¤7~~7~~.
77..7 ** 7.¤~~..7
7.)..~7.~7 7P..7 *
7.7¤~~~7777..7~~~.7
7>.77 ,,**
77.~~~...77...7~.~.7
7..7
7.~~~~.~.7~....~~..7
7~77 *
7.~~¤..~...~~...~~~7
7~7 ~
7~¤~.77.7bb..7.7.~.7
7.7
7.~~777777fw777...77


777 ~ 77...7 7g77 7...7 *7.7..7 7.7 777.7 **777777 777 777 You could see a
shambling mangrove, a giant leech and 2 ravens.

Table legend:
 A = Turns spent in this place as a percentage of turns spent in the entire game.
 B = Non-inter-level travel turns spent in this place as a percentage of non-inter-level travel turns spent in the entire game.
 C = Inter-level travel turns spent in this place as a percentage of turns spent in this place.
 D = Turns resting spent in this place as a percentage of non-inter-level travel turns spent in this place.
 E = Turns spent auto-exploring this place as a percentage of non-inter-level travel turns spent in this place.
 F = Non-inter-level travel turns spent in this place divided by the number of levels of this place that you've seen.
                   A       B       C       D       E      F
               +-------+-------+-------+-------+-------+----------------------
         Total | 100.0 | 100.0 |   0.6 |   0.0 |   2.1 | 2221.0
       Dungeon |  48.9 |  48.8 |   0.8 |   0.0 |   2.2 | 2241.0
        Temple |   0.7 |   0.7 |   2.4 |   0.0 |   3.9 | 482.0
          Lair |  30.9 |  30.9 |   0.6 |   0.0 |   1.7 | 2658.5
         Swamp |   5.3 |   5.3 |   0.4 |   0.0 |   1.9 | 1814.5
  Orcish Mines |  10.5 |  10.6 |   0.2 |   0.0 |   2.2 | 1818.2
      Ice Cave |   3.7 |   3.8 |   0.0 |   0.0 |   2.3 | 2583.0
               +-------+-------+-------+-------+-------+----------------------

Table legend:
 A = Kills in this place as a percentage of kills in entire the game.
 B = Kills by you in this place as a percentage of kills by you in the entire game.
 C = Kills by friends in this place as a percentage of kills by friends in the entire game.
 D = Other kills in this place as a percentage of other kills in the entire game.
 E = Experience gained in this place as a percentage of experience gained in the entire game.
 F = Experience gained in this place divided by the number of levels of this place that you have seen.
                   A       B       C       D       E      F
               +-------+-------+-------+-------+-------+----------------------
         Total | 100.0 | 100.0 | 100.0 |  -nan | 100.0 | 6362.7
       Dungeon |  44.3 |  44.7 |   0.0 |  -nan |  36.0 | 4736.1
          Lair |  34.2 |  33.7 | 100.0 |  -nan |  43.7 | 10771.0
         Swamp |   4.4 |   4.5 |   0.0 |  -nan |   8.2 | 8097.5
  Orcish Mines |  15.0 |  15.1 |   0.0 |  -nan |   8.2 | 4059.2
      Ice Cave |   2.1 |   2.1 |   0.0 |  -nan |   3.9 | 7603.0
               +-------+-------+-------+-------+-------+----------------------

Vanquished Creatures
  Rupert (Lair:8)
  Frances (Swamp:2)
  Louise (D:14)
  Jorgrun (Swamp:2)
  2 blizzard demons (IceCv)
  Snorg (Orc:2)
  A quicksilver dragon zombie (D:15)
  Josephine (D:11)
  13 hydras
  Fannar (D:12)
  Harold (Lair:7)
  5 alligators
  4 centaur warriors
  4 ogre magi (Orc:4)
  19 death yaks
  Urug (D:12)
  3 sun demons (Swamp:2)
  Nergalle (Lair:2)
  2 soul eaters
  2 skeletal warriors (D:15)
  4 unseen horrors
  A fire crab (shapeshifter) (D:15)
  3 ice devils
  9 hill giants
  2 ice statues (IceCv)
  2 swamp dragons (Swamp:1)
  A harpy (shapeshifter) (D:13)
  A wizard (D:15)
  An orc knight (Orc:4)
  2 necromancers
  A griffon (Lair:3)
  5 cyclopes
  12 ugly things
  A fire giant zombie (D:15)
  A phantasmal warrior (D:15)
  2 sixfirhies (Swamp:2)
  2 hornets (Lair:8)
  A tengu skeleton (D:15)
  A stone giant zombie (D:15)
  An oklob plant (Orc:4)
  A wolf spider (Lair:8)
  5 centaur zombies
  An orc sorcerer (Orc:4)
  8 elephants
  17 black mambas
  A guardian serpent (Lair:8)
  The ghost of ZombieSheep the Covert, an experienced FeMo of Ru (D:11)
  3 torpor snails
  3 centaur skeletons
  22 spiny frogs
  6 komodo dragons
  Psyche (D:8)
  5 gargoyles
  A kobold demonologist (D:13)
  2 demonic crawlers (D:13)
  9 blue devils (IceCv)
  2 hellwings (Swamp:2)
  4 wandering mushrooms (Lair:8)
  8 trolls
  9 giant leeches
  A boulder beetle (Lair:8)
  A polar bear (Lair:8)
  15 blink frogs
  3 ravens (Swamp:2)
  3 bog bodies
  4 slime creatures (D:13)
  20 two-headed ogres
  2 shadows
  6 basilisks
  5 wyverns
  A spriggan (Swamp:1)
  A vampire (D:13)
  3 deep elf magi
  7 wraiths
  6 fire bats
  A neqoxec (Swamp:2)
  48 yaks
  A hill giant zombie (D:13)
  13 hippogriffs
  8 vampire mosquitoes
  2 wargs (Orc:3)
  6 hungry ghosts
  20 wolves
  Menkaure (D:6)
  9 swamp worms
  13 porcupines
  20 water moccasins
  5 ice beasts
  An eye of draining (D:14)
  4 wasps
  2 black bears
  7 spiders (Lair:8)
  A sky beast (D:15)
  28 ogres
  15 orc warriors
  17 centaurs
  3 big kobolds
  3 phantoms
  15 crocodiles
  Sigmund (D:3)
  2 boring beetles
  24 giant frogs
  6 scorpions
  13 wights
  2 troll zombies (D:13)
  10 killer bees
  A vampire bat (D:13)
  8 hounds
  12 jellies
  7 goliath beetles
  A quasit (D:13)
  4 crimson imps
  3 giant frog skeletons
  21 orc priests
  3 giant frog zombies
  21 orc wizards
  An iron imp (D:13)
  11 iguanas
  16 worker ants
  26 sheep
  2 hound zombies (D:10)
  Terence (D:2)
  3 hound skeletons
  2 mummies
  5 worker ant zombies
  Robin (D:2)
  35 adders
  A gnoll (D:1)
  77 river rats
  3 shadow imps
  4 giant mites
  17 white imps
  2 worms
  5 ufetubi (IceCv)
  2 adder skeletons (D:9)
  8 giant geckos
  6 oozes (D:13)
  157 orcs
  22 bats
  24 hobgoblins
  5 jackals
  17 quokkas
  3 ball pythons
  4 giant cockroaches
  5 giant newts
  30 goblins
  14 kobolds
  13 rats
  3 spectral orcs (Lair:2)
  A butterfly (Lair:5)
  8 fungi
  3 plants
1224 creatures vanquished.

Vanquished Creatures (collateral kills)
  A spiny frog (Lair:3)
  A blink frog (Lair:3)
  A water moccasin (Lair:3)
  A giant frog (Lair:3)
  2 hounds (Lair:3)
  3 river rats (Lair:3)
9 creatures vanquished.

Vanquished Creatures (others)
  A spiny frog (Lair:8)
  A swamp worm (Swamp:2)
  An orc wizard (D:9)
  2 white imps (IceCv)
  5 ufetubi (IceCv)
  27 fungi
  8 plants
45 creatures vanquished.

Grand Total: 1278 creatures vanquished

Notes
Turn   | Place    | Note
--------------------------------------------------------------
     0 | D:1      | gw, the Deep Dwarf Gladiator, began the quest for the Orb.
     0 | D:1      | Reached XP level 1. HP: 19/19 MP: 1/1
   154 | D:1      | Reached XP level 2. HP: 21/26 MP: 2/2
   203 | D:1      | Reached skill level 1 in Evocations
   372 | D:1      | Reached skill level 1 in Armour
   486 | D:1      | Reached XP level 3. HP: 32/32 MP: 3/3
  1003 | D:2      | Noticed Terence
  1009 | D:2      | Killed Terence
  1009 | D:2      | Reached XP level 4. HP: 29/39 MP: 5/5
  1051 | D:2      | Noticed Robin
  1058 | D:2      | Killed Robin
  1088 | D:2      | Reached skill level 4 in Maces & Flails
  1644 | D:3      | Reached XP level 5. HP: 31/48 MP: 6/6
  1649 | D:3      | Found a sparkling altar of Nemelex Xobeh.
  1653 | D:3      | Noticed Sigmund
  1671 | D:3      | Killed Sigmund
  1834 | D:3      | Reached XP level 6. HP: 43/56 MP: 8/8
  1961 | D:3      | Found a white marble altar of Elyvilon.
  2773 | D:4      | Reached skill level 5 in Maces & Flails
  3225 | D:5      | Entered Level 5 of the Dungeon
  3438 | D:5      | Found Kunaum's Magic Scroll Boutique.
  3497 | D:5      | Found Utynu's Antique Weapon Shop.
  3537 | D:5      | Noticed a deep elf mage
  3677 | D:5      | Found Shuew's Armour Shop.
  3873 | D:5      | Reached skill level 6 in Maces & Flails
  3873 | D:5      | Reached XP level 7. HP: 40/63 MP: 9/9
  3899 | D:5      | Noticed a troll
  3907 | D:5      | Killed a troll
  3994 | D:5      | Killed a deep elf mage
  3994 | D:5      | Reached skill level 7 in Maces & Flails
  3994 | D:5      | Reached XP level 8. HP: 38/73 MP: 10/10
  4031 | D:6      | Found a staircase to the Ecumenical Temple.
  4037 | Temple   | Entered the Ecumenical Temple
  4122 | Temple   | Became a worshipper of the Shining One
  4380 | D:6      | Reached skill level 1 in Invocations
  4407 | D:6      | Reached skill level 5 in Armour
  4555 | D:6      | Reached skill level 5 in Fighting
  4668 | D:6      | Reached skill level 8 in Maces & Flails
  4854 | D:6      | Acquired the Shining One's first power
  4894 | D:6      | Found Fuebratt's Magic Scroll Shop.
  5049 | D:6      | Noticed Menkaure
  5053 | D:6      | Killed Menkaure
  5053 | D:6      | Gained mutation: You passively map the area around you. [level up]
  5053 | D:6      | Reached XP level 9. HP: 51/81 MP: 15/15
  5661 | D:8      | Noticed Psyche
  5666 | D:8      | Killed Psyche
  5666 | D:8      | Reached skill level 9 in Maces & Flails
  5736 | D:8      | Reached skill level 5 in Invocations
  6491 | D:9      | Found a snail-covered altar of Cheibriados.
  6501 | D:9      | Found Plakh's Assorted Antiques.
  6577 | D:9      | Found a roughly hewn altar of Beogh.
  6587 | D:9      | Acquired the Shining One's second power
  6820 | D:9      | Found a staircase to the Orcish Mines.
  6847 | D:9      | Noticed mrpyro's ghost (powerful OpTm)
  6996 | D:9      | Reached skill level 10 in Maces & Flails
  6999 | D:9      | Reached XP level 10. HP: 75/92 MP: 20/20
  7353 | D:9      | Found a radiant altar of Vehumet.
  7420 | D:9      | Found a stormy altar of Qazlal.
  7594 | D:10     | Entered Level 10 of the Dungeon
  7774 | D:10     | Noticed a hill giant
  7789 | D:10     | Killed a hill giant
  7972 | D:10     | Reached skill level 11 in Maces & Flails
  8118 | D:10     | Found a staircase to the Lair.
  8918 | D:11     | Noticed a cyclops
  8938 | D:11     | Killed a cyclops
  8938 | D:11     | Reached XP level 11. HP: 55/100 MP: 19/19
  9054 | D:11     | Noticed a hill giant
  9060 | D:11     | Killed a hill giant
  9158 | D:11     | Noticed a hill giant
  9210 | D:11     | Noticed Josephine
  9228 | D:11     | Killed Josephine
  9247 | D:11     | Found a portal to a secret trove of treasure.
  9270 | D:11     | Noticed a red ugly thing
  9300 | D:10     | Killed a red ugly thing
  9300 | D:10     | Reached skill level 12 in Maces & Flails
  9552 | D:11     | Killed a hill giant
  9830 | D:11     | Noticed ZombieSheep's ghost (experienced FeMo)
  9848 | D:11     | Killed ZombieSheep's ghost
  9932 | D:12     | Noticed a hill giant
  9941 | D:12     | Killed a hill giant
  9964 | D:12     | Noticed Fannar
  9973 | D:12     | Killed Fannar
 10276 | D:12     | Reached skill level 10 in Invocations
 10536 | D:12     | Reached XP level 12. HP: 72/111 MP: 20/20
 10546 | D:12     | Noticed Urug
 10557 | D:12     | Killed Urug
 10557 | D:12     | Reached skill level 13 in Maces & Flails
 10557 | D:12     | Reached skill level 10 in Armour
 10899 | D:9      | Noticed a hill giant
 10912 | D:9      | Killed a hill giant
 10940 | Orc:1    | Entered Level 1 of the Orcish Mines
 11079 | Orc:1    | Found a radiant altar of Vehumet.
 11260 | Orc:2    | Noticed Snorg
 11298 | Orc:2    | Killed Snorg
 11956 | Orc:4    | Entered Level 4 of the Orcish Mines
 11978 | Orc:4    | Acquired the Shining One's third power
 12954 | Orc:4    | Noticed an ogre mage
 12957 | Orc:4    | Noticed an ogre mage
 12959 | Orc:4    | Killed an ogre mage
 12966 | Orc:4    | Reached skill level 14 in Maces & Flails
 12971 | Orc:4    | Killed an ogre mage
 12980 | Orc:4    | Noticed an ogre mage
 12986 | Orc:4    | Killed an ogre mage
 13101 | Orc:4    | Reached XP level 13. HP: 77/121 MP: 18/18
 13144 | Orc:4    | Found Nodatim's Food Boutique.
 13144 | Orc:4    | Found Zeunamuc's Armour Shoppe.
 13145 | Orc:4    | Found Doorgh Napha's Assorted Antiques.
 13145 | Orc:4    | Found Klieshru's Gadget Boutique.
 13343 | Orc:4    | Found a staircase to the Elven Halls.
 13523 | Orc:1    | Found Ushe's Gadget Emporium.
 13763 | Lair:1   | Entered Level 1 of the Lair of Beasts
 13874 | Lair:1   | Found a snail-covered altar of Cheibriados.
 15044 | Lair:2   | Reached skill level 10 in Fighting
 15069 | Lair:2   | Noticed Nergalle
 15080 | Lair:2   | Killed Nergalle
 15080 | Lair:2   | Reached skill level 15 in Maces & Flails
 15110 | Lair:2   | Acquired the Shining One's fourth power
 16362 | Lair:3   | Found a staircase to the Swamp.
 16767 | Lair:4   | Found a labyrinth entrance.
 16808 | Lair:4   | Gained mutation: You resist negative energy. [level up]
 16808 | Lair:4   | Reached XP level 14. HP: 72/133 MP: 18/18
 17762 | Lair:5   | Found a staircase to the Snake Pit.
 18408 | Lair:6   | Reached skill level 16 in Maces & Flails
 19285 | Lair:5   | Identified a scroll of acquirement
 19826 | Lair:7   | Reached skill level 1 in Crossbows
 19881 | Lair:7   | Noticed Harold
 19892 | Lair:7   | Killed Harold
 19932 | Lair:7   | Found a staircase to the Slime Pits.
 19940 | Lair:7   | Found a viscous altar of Jiyva.
 20364 | Lair:7   | Reached XP level 15. HP: 91/142 MP: 14/14
 20595 | Lair:8   | Entered Level 8 of the Lair of Beasts
 20595 | Lair:8   | Noticed Rupert
 20596 | Lair:8   | Was placed under penance by the Shining One
 20626 | Lair:8   | Killed Rupert
 20846 | Lair:8   | Was forgiven by the Shining One
 20864 | Lair:8   | Paralysed by a hornet for 3 turns
 21255 | Lair:8   | Reached skill level 17 in Maces & Flails
 22544 | D:13     | Reached skill level 15 in Invocations
 22898 | D:13     | Found a gate to the Vaults.
 23100 | D:13     | Reached skill level 5 in Crossbows
 23783 | D:14     | Found a glowing silver altar of Zin.
 23786 | D:14     | Noticed Louise
 23804 | D:14     | Killed Louise
 23878 | D:14     | Reached XP level 16. HP: 149/152 MP: 6/6
 24342 | D:15     | Entered Level 15 of the Dungeon
 24508 | D:15     | Found an ancient bone altar of Kikubaaqudgha.
 24952 | D:15     | Found a basalt altar of Yredelemnul.
 25054 | D:15     | Found a staircase to the Depths.
 25067 | D:15     | Reached skill level 18 in Maces & Flails
 25943 | Swamp:1  | Entered Level 1 of the Swamp
 26132 | Swamp:1  | Gained mutation: You are resistant to electric shocks. [potion of beneficial mutation]
 26920 | Swamp:2  | Found a frozen archway.
 26920 | Swamp:2  | Noticed Frances
 27001 | Swamp:2  | Killed Frances
 27016 | IceCv    | Entered an ice cave
 27910 | Temple   | Identified a +3 great mace of holy wrath (a +1 great mace blessed by the Shining One)
 27956 | Temple   | Fell from the grace of the Shining One
 27956 | Temple   | Became a worshipper of Zin the Law-Giver
 27956 | Temple   | Acquired Zin's first power
 27956 | Temple   | Acquired Zin's second power
 27956 | Temple   | Acquired Zin's third power
 27956 | Temple   | Acquired Zin's fourth power
 27957 | Temple   | Donated 1799 gold pieces to Zin
 27958 | Temple   | Donated 899 gold pieces to Zin
 27959 | Temple   | Donated 450 gold pieces to Zin
 27960 | Temple   | Donated 225 gold pieces to Zin
 27961 | Temple   | Donated 112 gold pieces to Zin
 27962 | Temple   | Donated 56 gold pieces to Zin
 27963 | Temple   | Donated 28 gold pieces to Zin
 27963 | Temple   | Donated 14 gold pieces to Zin
 28405 | Swamp:2  | Noticed Jorgrun
 28449 | Swamp:2  | Killed Jorgrun
 28906 | Swamp:2  | HP: 5/154 [raven[a shambling mangrove] (7)]
 28906 | Swamp:2  | Zin protects you from harm!
 28910 | Swamp:2  | Demolished by a shambling mangrove

Action                   |  1- 3 |  4- 6 |  7- 9 | 10-12 | 13-15 | 16-18 || total
-------------------------+-------+-------+-------+-------+-------+-------++-------
Melee: Flail             |    98 |    95 |       |       |       |       ||   193
       Morningstar       |       |   141 |   299 |   207 |       |       ||   647
       Dire flail        |       |       |       |   588 |       |       ||   588
       Great mace        |       |       |       |    40 |  1336 |   394 ||  1770
 Fire: Heavy crossbow    |       |       |       |       |   187 |    87 ||   274
Invok: Divine Shield     |       |       |     3 |    19 |    20 |     4 ||    46
       Summon Divine War |       |       |       |       |     1 |       ||     1
       Cleansing Flame   |       |       |       |       |     2 |     4 ||     6
 Abil: Device Recharging |       |       |       |    10 |    17 |     6 ||    33
Evoke: Wand              |     1 |     2 |    14 |    42 |    66 |    40 ||   165
  Use: Scroll            |     2 |     7 |    13 |     5 |    10 |     3 ||    40
       Potion            |     2 |     3 |     4 |     6 |     8 |     7 ||    30
  Eat: Chunk             |     1 |    10 |     7 |    24 |    41 |    12 ||    95
       Bread ration      |       |       |     1 |       |       |     1 ||     2

Vault maps used:
D:1:      shiori_arrival_oz, serial_glass, glass_columns_b, glass_columns_a
D:2:      uniq_robin, uniq_terence
D:3:      nicolae_overflow_hidden_temple, nemelex_altar_shiori, uniq_sigmund
D:4:      first_bread
D:5:      minmay_opposing_rooms, serial_shops, nicolae_shop_statue_plus, shop,
          shop, kennysheep_generic_room_15
D:6:      minmay_temple_entry_hall, serial_shops, shop_fountains,
          due_unseen_surprise, uniq_menkaure
D:8:      blue_anna_alchemist, uniq_psyche
D:9:      kennysheep_little_box, lemuel_coloured_pillars_altar,
          vehumet_altar_wand_db, minmay_orc_entry_temple_small, serial_shops,
          shop
D:10:     due_lair_maze_entry_diamond
D:11:     enter_trove_0, uniq_josephine
D:12:     uniq_fannar, uniq_urug
D:13:     david_vaults_1, hangedman_parallel_progression
D:14:     serial_park_gazebo, basic_altar, uniq_louise
D:15:     gammafunk_depths_entry_grave, lemuel_doored_altar, basic_altar
Temple:   minmay_temple_curvy_14
Lair:1:   kennysheep_snail_temple
Lair:2:   beast_lair_carwin_3, grunt_megastairs_4, serial_bayou_shore_b,
          uniq_nergalle
Lair:3:   boulder_dual_corridor_run, minmay_swamp_entry_worms,
          grunt_megastairs_2
Lair:4:   lab_entry_generic
Lair:5:   beast_lair_carwin_large_3, minmay_snake_entry_six_corridors,
          lemuel_fruit_fields
Lair:6:   baited_tele_trap
Lair:7:   slime_altar_1, st_stairs_11, beast_lair_carwin_9, grunt_megastairs_3,
          lemuel_fruit_tree, uniq_harold
Lair:8:   hangedman_lair_tendril_chambers, nicolae_volcano_entry_batcave,
          fungi_pond_lemuel, st_stairs_6, uniq_rupert
Swamp:1:  nicolae_swamp_trees_clearing
Swamp:2:  portal_ice_cave_entry_imps, hangedman_swamp_ruin_hall, uniq_frances,
          uniq_jorgrun
Orc:1:    serial_shops, nicolae_shop_behind_doors, basic_altar, trog_book
Orc:2:    uniq_snorg
Orc:3:    nicolae_orc_pool_cavern
Orc:4:    st_orc_ogre_mass, mines3_lemuel
IceCv:    ice_cave_small_demon
